 Dungeon Crawl Stone Soup version 0.27-a0-1331-g60ef6b6952 (webtiles) character file.

Game seed: 5747543301937111340

107 BlueGoblin the Magician (level 5, -1/35 HPs)
             Began as a Djinni Conjurer on June 25, 2021.
             Killed from afar by Ijyb (20 damage)
             ... with an iceblast
             ... on level 3 of the Dungeon.
             The game lasted 00:05:14 (3298 turns).

BlueGoblin the Magician (Djinni Conjurer)           Turns: 3298, Time: 00:05:15

Health: -1/35      AC:  2    Str:  6    XL:     5   Next: 10%
Gold:   95         EV: 12    Int: 20    God:
                   SH:  0    Dex: 12

rFire    + + .     SeeInvis .   i - +0 dagger
rCold    x . .     Faith    .   (no shield)
rNeg     . . .     Spirit   .   a - +0 robe
rPois    ∞         Reflect  .   (no helmet)
rElec    .         Harm     .   (no cloak)
rCorr    .         Rampage  .   (no gloves)
Will     .....                  (boots unavailable)
Stlth    ++........             (no amulet)
HPRegen  0.11/turn              (no ring)
MPRegen  0.00/turn              (no ring)

@: flying
A: sickness immunity, fire resistance 2, cold vulnerability 1, float, innate
caster, hp casting, extra vitality 1
a: no special abilities


You were on level 3 of the Dungeon.
You visited 1 branch of the dungeon, and saw 3 of its levels.

You collected 95 gold pieces.

Inventory:

Hand Weapons
 i - a +0 dagger (weapon)
Missiles
 c - a throwing net
Armour
 a - a +0 robe (worn)
 f - a +0 scale mail
Magical Staves
 l - a staff of air
Jewellery
 j - a +4 ring of protection
Scrolls
 b - 3 scrolls of immolation
 d - 2 scrolls of enchant weapon {unknown}
 e - a scroll of summoning {unknown}
 g - a scroll of fear {unknown}
 h - 2 scrolls of teleportation {unknown}
 k - a scroll of identify {unknown}
 m - a scroll of torment {unknown}


   Skills:
 + Level 2.3 Dodging
 + Level 2.0 Stealth
 + Level 4.6 Spellcasting


You couldn't memorise any spells.
You knew the following spells:

 Your Spells              Type           Power      Damage    Failure   Level
a - Magic Dart            Conj           92%        1d7       1%          1
b - Searing Ray           Conj           46%        3d4       2%          2
c - Dazzling Flash        Conj/Hex       46%        N/A       5%          3
d - Fulminant Prism       Conj/Hex       11%        3d9       19%         4
e - Iskenderun's Mystic   Conj/Tloc      23%        2d6       19%         4
f - Apportation           Tloc           46%        N/A       1%          1
g - Wereblood             Tmut           23%        N/A       2%          2
Your spell library was empty.

Dungeon Overview and Level Annotations

Branches:
Dungeon (3/15)

Altars:
Hepliaklqana

Shops:
D:2 :

Annotations:
D:3 Ijyb


Innate Abilities, Weirdness & Mutations

You are immune to sickness and miasma.
You are immune to poison.
Your flesh is very heat resistant. (rF++)
You are vulnerable to cold. (rC-)
You float through the air rather than walking.
You learn spells naturally, not from books.
Your magical power is your life essence.
You have superior vitality. (+4 HP)


Message History

There is an open door here.
Ijyb the Twisted Goblin comes into view.
She is wielding a +0 club and carrying a wand of iceblast (6).
Found 16 gold pieces.
Casting: Searing Ray (safe; 2% risk of failure)
Confirm with . or Enter, or press ? or * to list all spells.
Aiming: Magic Dart (safe; 1% risk of failure)
Press: ? - help, Shift-Dir - straight line, f - Ijyb
Aim: Ijyb, wielding a +0 club, wearing a +0 leather armour and carrying a wand of iceblast (6) (asleep, 100% to hit)
The magic dart hits Ijyb.
Ijyb is lightly wounded.
Ijyb shouts!
Ijyb screams, "It's all mine!"
Casting: Magic Dart (safe; 1% risk of failure)
Confirm with . or Enter, or press ? or * to list all spells.
Aiming: Searing Ray (safe; 2% risk of failure)
Press: ? - help, Shift-Dir - straight line, f/p - Ijyb
Aim: Ijyb, wielding a +0 club, wearing a +0 leather armour and carrying a wand of iceblast (6) (lightly wounded, 72% to hit)
The searing ray misses Ijyb. (Press . to maintain the ray.)
The searing ray misses Ijyb.
The searing ray misses Ijyb.
You finish channeling your searing ray.
Casting: Searing Ray (safe; 2% risk of failure)
Confirm with . or Enter, or press ? or * to list all spells.
You can't see any susceptible monsters within range! (Use Z to cast anyway.)
Casting: Searing Ray (safe; 2% risk of failure)
Confirm with . or Enter, or press ? or * to list all spells.
Aiming: Searing Ray (safe; 2% risk of failure)
Press: ? - help, Shift-Dir - straight line, f/p - Ijyb
Aim: Ijyb, wielding a +0 club, wearing a +0 leather armour and carrying a wand of iceblast (6) (lightly wounded, 72% to hit)
The searing ray hits Ijyb.
Ijyb is heavily wounded. (Press . to maintain the ray.) Ijyb zaps a wand.
The mass of ice explodes!
The iceblast engulfs you!
You feel a painful chill!
The searing ray hits Ijyb!
Ijyb is severely wounded.
Ijyb zaps a wand.
The mass of ice explodes!
The iceblast engulfs you!!
You feel a painful chill!
Ouch! That really hurt!
You die...

######....# #....#
.. ..# #.#..# ##'###
### ..# #.#..# #.#
..# # #..#
###.#####... ..#
##.# #...........
..#
#)######.#.#####...
..# #.....<#.#.# ..#
#.)#####.#.# ..#
#...# #@#.# ..###
#÷..# #...g....
###.. #...#
#........ # #.#
#...# #....$... #
#.# #...# #.#+#####
###.# ##...## #.#
.#.(# #.....# #.#
(...#####..#.# #.#
†#...........###.#.#


You could see Ijyb.

Vanquished Creatures
  An adder (D:3)
  4 gnolls (D:3)
  A worm (D:2)
  A dart slug (D:2)
  3 bats
  3 endoplasms
  5 goblins
  3 hobgoblins (D:2)
  11 jackals
  A quokka (D:2)
  5 ball pythons
  4 frilled lizards
  8 kobolds
  A rat (D:3)
51 creatures vanquished.

Notes
Turn   | Place    | Note
-------+----------+-------------------------------------------
     0 | D:1      | BlueGoblin the Djinni Conjurer began the quest for the Orb.
     0 | D:1      | Reached XP level 1. HP: 15/15 MP: 0/0
    12 | D:1      | Found a faded altar of an unknown god.
   275 | D:1      | Reached XP level 2. HP: 20/21 MP: 0/0
   883 | D:2      | Found Taoqyw's Book Shoppe.
  1005 | D:2      | Found a hazy altar of Hepliaklqana.
  1344 | D:2      | Reached XP level 3. HP: 17/25 MP: 0/0
  1344 | D:2      | Learned a level 1 spell: Apportation
  1594 | D:2      | Reached skill level 4 in Spellcasting
  2070 | D:3      | Reached XP level 4. HP: 27/31 MP: 0/0
  3178 | D:3      | Reached XP level 5. HP: 31/35 MP: 0/0
  3178 | D:3      | Learned a level 2 spell: Wereblood
  3288 | D:3      | Noticed Ijyb
  3298 | D:3      | Killed from afar by Ijyb

Illustrated notes

Levels and vault maps discovered:
D:1:      scummos_arrival_star, layout_basic, hellmonk_ecumenical_altar_blasted
D:2:      layout_rooms, basic_altar, serial_shops, shop, minmay_ruptured
D:3:      layout_basic, minmay_misc_feat_tower, uniq_ijyb

Skill      XL: |  1  2  3  4  5 |
---------------+----------------+-----
Spellcasting   | 4 |  4.6
Stealth        | 2 |  2.0
Dodging        | |  2.3

Action                   |  1- 3 |  4- 6 || total
-------------------------+-------+-------++-------
 Cast: Magic Dart        |    24 |     6 ||    30
       Searing Ray       |    14 |    21 ||    35
  Use: Potion            |       |     1 ||     1
Dodge: Dodged            |       |     8 ||     8

Table legend: (Time is in decaauts)
 A = Elapsed time spent in this place.
 B = Non-inter-level travel time spent in this place.
 C = Inter-level travel time spent in this place.
 D = Time resting spent in this place.
 E = Time spent auto-exploring this place.
 F = Levels seen in this place.
 G = Mean time per level.
                   A        B        C        D        E       F      G
               +--------+--------+--------+--------+--------+-----+--------+
         Total |   3284 |   3111 |    173 |    869 |   1992 |   3 | 1094.7 |
       Dungeon |   3284 |   3111 |    173 |    869 |   1992 |   3 | 1094.7 |
               +--------+--------+--------+--------+--------+-----+--------+

Top non-repeatable levels by time:
     D:2: 1436 daAuts
     D:3: 964 daAuts
     D:1: 883 daAuts
